 Dungeon Crawl Stone Soup version 0.26.1-11-gd32895ea62 (webtiles) character file.

Game seed: 11752692462556527893

88 Almogavar the Chopper (level 4, -1/38 HPs)
             Began as a Gnoll Wanderer on July 10, 2021.
             Slain by an orc (3 damage)
             ... on level 3 of the Dungeon.
             The game lasted 00:03:14 (2240 turns).

Almogavar the Chopper (Gnoll Wanderer)              Turns: 2240, Time: 00:03:15

Health: -1/38      AC:  2    Str: 14    XL:     4   Next: 53%
Magic:  5/5        EV: 12    Int: 15    God:
Gold:   77         SH:  0    Dex: 15    Spells: 5/5 levels left

rFire    . . .     SeeInvis .   a - +2 hand axe
rCold    . . .     Faith    .   (no shield)
rNeg     . . .     Spirit   .   d - +0 robe
rPois    .         Reflect  .   (no helmet)
rElec    .         Harm     .   (no cloak)
rCorr    .         Rampage  .   (no gloves)
Will     .....                  (no boots)
Stlth    ++........             (no amulet)
HPRegen  0.12/turn              (no ring)
MPRegen  0.09/turn              (no ring)

@: no status effects
A: distributed training, fangs 1, strong nose
a: no special abilities


You were on level 3 of the Dungeon.
You visited 1 branch of the dungeon, and saw 3 of its levels.

You collected 77 gold pieces.

Inventory:

Hand Weapons
 a - a +2 hand axe (weapon)
Missiles
 f - 82 stones (quivered)
 i - 77 arrows
 n - 10 sling bullets
Armour
 d - a +0 robe (worn)
Scrolls
 h - a scroll of blinking {unknown}
 j - 2 scrolls of fear {unknown}
 l - a scroll of immolation {unknown}
 m - a scroll of remove curse {unknown}
 p - a scroll of identify {unknown}
Potions
 b - a potion of lignification
 c - 2 potions of curing
 e - a potion of might {unknown}
 g - a potion of cancellation {unknown}
 k - a potion of flight {unknown}
 o - 2 potions of haste {unknown}


   Skills:
 + Level 4.6 Fighting
 + Level 1.2 Short Blades
 + Level 1.2 Long Blades
 + Level 6.6 Axes
 + Level 1.2 Maces & Flails
 + Level 1.2 Polearms
 + Level 1.2 Staves
 + Level 1.2 Slings
 + Level 1.2 Bows
 + Level 1.2 Crossbows
 + Level 1.2 Throwing
 + Level 1.2 Armour
 + Level 1.2 Dodging
 + Level 2.6 Stealth
 + Level 2.8 Shields
 + Level 1.2 Unarmed Combat
 + Level 1.2 Spellcasting
 + Level 1.0 Conjurations
 + Level 1.0 Hexes
 + Level 1.0 Summonings
 + Level 1.0 Necromancy
 + Level 1.0 Translocations
 + Level 1.0 Transmutations
 + Level 1.0 Fire Magic
 + Level 2.2 Ice Magic
 + Level 3.8 Air Magic
 + Level 1.0 Earth Magic
 + Level 1.0 Poison Magic
 + Level 1.3 Invocations
 + Level 1.2 Evocations


You had 5 spell levels left.
You didn't know any spells.
Your spell library was empty.

Dungeon Overview and Level Annotations

Branches:
Dungeon (3/15)

Altars:


Innate Abilities, Weirdness & Mutations

Your experience applies equally to all skills.
You have very sharp teeth.
Your uncanny sense of smell can sniff out nearby items.


Message History

The kobold throws a stone.
The stone hits you.
* * * LOW HITPOINT WARNING * * *
Your Conjurations skill increases to level 1!
Your Hexes skill increases to level 1!
Your Summonings skill increases to level 1!
Your Necromancy skill increases to level 1!
Your Translocations skill increases to level 1!
Your Transmutations skill increases to level 1!
Your Fire Magic skill increases to level 1!
Your Earth Magic skill increases to level 1!
Your Poison Magic skill increases to level 1!
You hit the orc.
The orc is heavily wounded.
The orc hits you.
* * * LOW HITPOINT WARNING * * *
Unknown command.
You closely miss the orc.
The orc is heavily wounded.
The orc hits you.
You die...

########
#<..<..#
#......#####
#..........#
####...###..
###.†.# ###@#
#o####### ###
##gK......
.....#.......##
...............
.............#.
.............#
.............#
^..........>?#


You could see an orc, a hobgoblin and a kobold.

Vanquished Creatures
  A gnoll (D:2)
  An adder (D:3)
  3 worms (D:2)
  5 dart slugs
  3 leopard geckos
  3 orcs (D:3)
  3 bats
  5 giant cockroaches
  4 goblins
  3 hobgoblins (D:1)
  2 jackals (D:2)
  4 frilled lizards
  4 kobolds
  5 rats
46 creatures vanquished.

Notes
Turn   | Place    | Note
-------+----------+-------------------------------------------
     0 | D:1      | Almogavar the Gnoll Wanderer began the quest for the Orb.
     0 | D:1      | Almogavar set off with the following items: a +2 hand axe,
                  | a potion of lignification, a potion of curing, a +0 robe
     0 | D:1      | Reached XP level 1. HP: 20/20 MP: 1/1
   149 | D:1      | Reached XP level 2. HP: 24/26 MP: 2/2
  1071 | D:2      | Reached XP level 3. HP: 31/31 MP: 3/3
  1231 | D:2      | Reached skill level 1 in Invocations
  1679 | D:2      | Reached skill level 1 in Short Blades
  1679 | D:2      | Reached skill level 1 in Long Blades
  1679 | D:2      | Reached skill level 1 in Maces & Flails
  1679 | D:2      | Reached skill level 1 in Polearms
  1679 | D:2      | Reached skill level 1 in Staves
  1679 | D:2      | Reached skill level 1 in Slings
  1679 | D:2      | Reached skill level 1 in Bows
  1679 | D:2      | Reached skill level 1 in Crossbows
  1679 | D:2      | Reached skill level 1 in Throwing
  1679 | D:2      | Reached skill level 1 in Armour
  1679 | D:2      | Reached skill level 1 in Dodging
  1679 | D:2      | Reached skill level 1 in Unarmed Combat
  1679 | D:2      | Reached skill level 1 in Spellcasting
  1679 | D:2      | Reached skill level 1 in Evocations
  1922 | D:2      | Reached XP level 4. HP: 22/38 MP: 5/5
  2239 | D:3      | Reached skill level 1 in Conjurations
  2239 | D:3      | Reached skill level 1 in Hexes
  2239 | D:3      | Reached skill level 1 in Summonings
  2239 | D:3      | Reached skill level 1 in Necromancy
  2239 | D:3      | Reached skill level 1 in Translocations
  2239 | D:3      | Reached skill level 1 in Transmutations
  2239 | D:3      | Reached skill level 1 in Fire Magic
  2239 | D:3      | Reached skill level 1 in Earth Magic
  2239 | D:3      | Reached skill level 1 in Poison Magic
  2240 | D:3      | Slain by an orc

Illustrated notes

Levels and vault maps discovered:
D:1:      lightli_arrival_maybe_door_vault, layout_loops_ring
D:2:      layout_loops_cross, supply_closet_lemuel, cheibrodos_gnoll_hut
D:3:      layout_rooms, nicolae_overflow_crystal_walls, uniq_sigmund

Skill      XL: |  1  2  3  4 |
---------------+-------------+-----
Ice Magic      | 2 |  2.2
Invocations    | 1 |  1.3
Short Blades   | 1 |  1.2
Long Blades    | 1 |  1.2
Maces & Flails | 1 |  1.2
Polearms       | 1 |  1.2
Staves         | 1 |  1.2
Slings         | 1 |  1.2
Bows           | 1 |  1.2
Crossbows      | 1 |  1.2
Throwing       | 1 |  1.2
Armour         | 1 |  1.2
Dodging        | 1 |  1.2
Unarmed Combat | 1 |  1.2
Spellcasting   | 1 |  1.2
Evocations     | 1 |  1.2
Conjurations   | 1 |  1.0
Hexes          | 1 |  1.0
Summonings     | 1 |  1.0
Necromancy     | 1 |  1.0
Translocations | 1 |  1.0
Transmutations | 1 |  1.0
Fire Magic     | 1 |  1.0
Earth Magic    | 1 |  1.0
Poison Magic   | 1 |  1.0
Fighting       | |  4.6
Axes           | |  6.6
Stealth        | |  2.6
Shields        | |  2.8
Air Magic      | |  3.8

Action                   |  1- 3 |  4- 6 || total
-------------------------+-------+-------++-------
Melee: Hand axe          |    85 |    25 ||   110
       Bite              |     4 |     1 ||     5
 Stab: Sleeping          |     9 |       ||     9
Armor: Robe              |    16 |     3 ||    19
Dodge: Dodged            |    30 |    21 ||    51
